 Dungeon Crawl Stone Soup version 0.21.0-3-g78d12a8 (webtiles) character file.

4449 microfolk the Ruffian (level 10, -2/100 HPs)
             Began as a Troll Fighter on Jan 15, 2018.
             Was a Follower of the Shining One.
             Slain by a three-headed hydra (17 damage)
             ... on level 8 of the Dungeon.
             The game lasted 00:19:01 (7523 turns).

microfolk the Ruffian (Troll Fighter)               Turns: 7523, Time: 00:19:02

Health: -2/100     AC:  9    Str: 29    XL:     10   Next: 15%
Magic:  18/18      EV: 14    Int:  4    God:    the Shining One [*.....]
Gold:   459        SH:  0    Dex:  9    Spells: 9/9 levels left

rFire    . . .     SeeInvis .   a - +0 giant spiked club
rCold    . . .     Gourm    +   (shield currently unavailable)
rNeg     + . .     Faith    .   p - +2 robe {rN+}
rPois    .         Spirit   .   (helmet restricted)
rElec    .         Reflect  .   w - +1 cloak {+Inv}
rCorr    .         Harm     .   (gloves unavailable)
MR       .....                  (boots unavailable)
Stlth    +.........             (no amulet)
HPRegen  0.66/turn              H - +2 ring of evasion
MPRegen  0.16/turn              D - ring of magical power

@: glowing
A: large, unfitting armour, claws 3, fast metabolism 3, gourmand, regeneration
1, shaggy fur 1, tough skin 2
a: Renounce Religion, Evoke Invisibility


You were on level 8 of the Dungeon.
You worshipped the Shining One.
The Shining One was aware of your devotion.
You were completely stuffed.

You visited 2 branches of the dungeon, and saw 9 of its levels.

You collected 459 gold pieces.

Inventory:

Hand Weapons
 a - a +0 giant spiked club (weapon)
Missiles
 g - 291 stones (quivered)
 n - 3 throwing nets
 C - 5 tomahawks
Armour
 b - a +0 shield
 p - a +2 robe of positive energy (worn)
 w - a +1 cloak of invisibility (worn)
Jewellery
 k - an uncursed ring of flight
 D - a ring of magical power (right claw)
 H - a +2 ring of evasion (left claw)
Wands
 r - a wand of acid (9)
Scrolls
 f - a scroll of teleportation {unknown}
 j - 2 scrolls of identify
 m - a scroll of blinking
 q - a scroll of amnesia {unknown}
 u - a scroll of remove curse
 x - a scroll of vulnerability {unknown}
 y - 2 scrolls of immolation
 z - a scroll of magic mapping {unknown}
 B - a scroll of fog {unknown}
 G - 2 scrolls of enchant armour
Potions
 c - 3 potions of might
 e - 3 potions of flight
 h - a potion of agility
 i - a potion of berserk rage {unknown}
 l - 2 potions of cancellation
 o - a potion of mutation
 t - 2 potions of haste
 v - 2 potions of heal wounds
 E - 4 potions of curing
 F - a potion of magic
Comestibles
 d - 16 rations


   Skills:
 + Level 6.7 Fighting
 + Level 6.6 Throwing
 + Level 6.7 Dodging
 - Level 2.4 Shields
 + Level 7.6 Unarmed Combat


You had 9 spell levels left.
You didn't know any spells.

Dungeon Overview and Level Annotations

Branches:
Dungeon (8/15)             Temple (1/1) D:4            Lair (0/6) D:8

Altars:
Ashenzari
Cheibriados
Dithmenos
Elyvilon
Fedhas
Gozag
Hepliaklqana
Kikubaaqudgha
Makhleb
Nemelex Xobeh
Okawaru
Qazlal
Ru
Sif Muna
Trog
Uskayaw
Vehumet
Wu Jian
Xom
Yredelemnul
Zin
The Shining One

Shops:
D:4 *


Innate Abilities, Weirdness & Mutations

You are too large for most types of armour.
You have claws for hands.
Your metabolism is lightning-fast.
You like to eat raw meat.
Your natural rate of healing is unusually fast.
You are covered in fur. (AC +1)
You have very tough skin. (AC +2)


Message History

The three-headed hydra bites you but does no damage.
You finish taking off your +0 shield.
Wield which item (- for none, * to show all)? (? for menu, Esc to quit)
a - a +0 giant spiked club (weapon)
You pound the three-headed hydra like an anvil!!!
The three-headed hydra is heavily wounded.
The three-headed hydra bites you but does no damage.
The three-headed hydra bites you. x2
* * * LOW HITPOINT WARNING * * *
The three-headed hydra bites you.
* * * LOW HITPOINT WARNING * * *
The three-headed hydra bites you but does no damage.
The three-headed hydra misses you.
You puncture the three-headed hydra!
The three-headed hydra is severely wounded.
The three-headed hydra bites you!
* * * LOW HITPOINT WARNING * * *
The three-headed hydra bites you but does no damage.
The three-headed hydra bites you!
You die...

###.#
#.##..###.###........
#...#
#.##.........(.......
#.###
#.##.#############...
#.# #.##.#
#.....#..#>.# #.#
#.##.####≈....'..#..#
####.#
#.##...K#..P..'..##.#
.....#
#.##K##÷)≈....'..##.#
.....#
#.##D####.....#..##.#
####.# #.##@#
#≈.P≈P##+##.# ..##.#
#.##.# #P≈≈≈≈#.%##.#
#.##.# #####....#
#PP≈P.').##.. #.##.#
#......###
############# ..##.#
#.####.# #########
>....# #.# #.#
#........ ###### #.#
#.# #.####### #.# #.#
#.# #.# #.# #.####


You could see a three-headed hydra and a big kobold.

Vanquished Creatures
  Pikel (D:7)
  Maurice (D:8)
  Prince Ribbit (D:7)
  2 dream sheep (D:8)
  Sigmund (D:2)
  2 yaks (D:8)
  A hungry ghost (D:8)
  Menkaure (D:7)
  An orc warrior (D:6)
  3 ice beasts
  3 ogres (D:7)
  2 centaurs
  2 big kobolds
  A bullfrog (D:6)
  A gnoll sergeant (D:7)
  A water moccasin skeleton (D:6)
  2 scorpions
  5 killer bees (D:7)
  A howler monkey (D:4)
  A crimson imp (D:5)
  A centaur skeleton (D:4)
  3 hounds
  2 gnoll shamans
  A jelly (D:7)
  4 orc priests
  Crazy Yiuf (D:7)
  Ijyb (D:4)
  6 orc wizards
  8 worker ants
  22 gnolls
  7 adders
  A shadow imp (D:7)
  4 oozes
  2 adder skeletons
  An adder zombie (D:7)
  2 worms
  2 dart slugs
  2 leopard geckos
  20 orcs
  6 bats
  5 giant cockroaches
  4 goblins
  8 hobgoblins
  9 jackals
  11 kobolds
  3 frilled lizards
  A giant cockroach zombie (D:5)
  3 leopard gecko skeletons
  5 rats
  A spectral orc (D:4)
179 creatures vanquished.

Vanquished Creatures (others)
  A slave (D:7)
  A crimson imp (D:7)
  A jackal (D:7)
3 creatures vanquished.

Grand Total: 182 creatures vanquished

Notes
Turn   | Place    | Note
-------+----------+-------------------------------------------
     0 | D:1      | microfolk the Troll Fighter began the quest for the Orb.
     0 | D:1      | Reached XP level 1. HP: 22/22 MP: 0/0
   311 | D:1      | Reached XP level 2. HP: 29/29 MP: 1/1
   934 | D:2      | Reached skill level 1 in Throwing
   935 | D:2      | Noticed Sigmund
   952 | D:2      | HP: 1/29 [something (10)]
   953 | D:2      | Killed Sigmund
   953 | D:2      | Reached skill level 3 in Unarmed Combat
   953 | D:2      | Reached XP level 3. HP: 1/37 MP: 2/2
   953 | D:2      | Reached XP level 4. HP: 2/45 MP: 3/3
   953 | D:2      | Reached XP level 5. HP: 2/53 MP: 4/4
  1949 | D:3      | Reached XP level 6. HP: 61/61 MP: 5/5
  2081 | D:3      | Found a sacrificial altar of Ru.
  2792 | D:4      | Reached skill level 4 in Unarmed Combat
  2822 | D:4      | Reached XP level 7. HP: 57/70 MP: 6/6
  3014 | D:4      | Found Tuzal's General Store.
  3193 | D:4      | Noticed Ijyb
  3205 | D:4      | Killed Ijyb
  3206 | D:4      | Found a staircase to the Ecumenical Temple.
  3219 | Temple   | Entered the Ecumenical Temple
  3336 | D:4      | Found a basalt altar of Yredelemnul.
  3545 | D:5      | Entered Level 5 of the Dungeon
  3917 | D:5      | You fall through a shaft for 3 floors!
  3960 | D:7      | Found a runed door.
  3964 | D:7      | Noticed Crazy Yiuf
  3968 | D:7      | Killed Crazy Yiuf
  4114 | D:7      | Reached XP level 8. HP: 55/79 MP: 7/7
  4246 | D:6      | Reached skill level 5 in Unarmed Combat
  4304 | D:6      | Found Foudaihi's Distillery.
  4672 | D:5      | Reached skill level 5 in Fighting
  5333 | D:6      | Reached skill level 5 in Dodging
  5934 | D:7      | Found an iron altar of Okawaru.
  5946 | D:7      | Noticed Prince Ribbit
  6009 | D:7      | Found a glowing golden altar of the Shining One.
  6011 | D:7      | Became a worshipper of the Shining One
  6046 | D:7      | Reached skill level 5 in Throwing
  6046 | D:7      | Reached skill level 6 in Unarmed Combat
  6184 | D:7      | Reached XP level 9. HP: 88/88 MP: 8/8
  6209 | D:7      | Found a hide-covered altar of Uskayaw.
  6225 | D:7      | Noticed Pikel
  6242 | D:7      | Killed Pikel
  6449 | D:7      | Killed Prince Ribbit
  6484 | D:7      | Noticed Menkaure
  6488 | D:7      | Killed Menkaure
  6811 | D:8      | Reached skill level 7 in Unarmed Combat
  6926 | D:8      | Noticed Maurice
  6940 | D:8      | Killed Maurice
  7252 | D:8      | Found a staircase to the Lair.
  7368 | D:8      | Reached XP level 10. HP: 89/100 MP: 9/9
  7501 | D:8      | Reached * piety under the Shining One
  7501 | D:8      | Noticed a three-headed hydra
  7523 | D:8      | Slain by a three-headed hydra

Skill      XL: |  1  2  3  4  5  6  7  8  9 |
---------------+----------------------------+-----
Throwing       | 2 3 5 6 |  6.6
Fighting       | 3 4 5 6 |  6.7
Dodging        | 3 4 5 6 |  6.7
Unarmed Combat | 3 4 6 7 |  7.6
Shields        | |  2.4

Action                   |  1- 3 |  4- 6 |  7- 9 | 10-12 || total
-------------------------+-------+-------+-------+-------++-------
Melee: Unarmed           |    60 |   159 |   397 |    16 ||   632
       Giant spiked club |       |       |       |     2 ||     2
Throw: Stone             |       |     1 |    18 |       ||    19
  Use: Scroll            |       |     2 |    13 |       ||    15
       Potion            |       |       |     2 |       ||     2
 Stab: Sleeping          |       |       |     1 |       ||     1
  Eat: Chunk             |    14 |    18 |    40 |     9 ||    81
Armor: Robe              |    17 |    49 |    91 |    10 ||   167
       Skin              |       |       |    10 |       ||    10
Dodge: Dodged            |    10 |    42 |   157 |    18 ||   227
Block: Shield            |    23 |    69 |   180 |    10 ||   282
